 Dungeon Crawl Stone Soup version 0.30-a0-458-g86641cc369 (webtiles) character file.

Game seed: 14257096804917703537

19450 Conn the Arsonist (level 12, -1/72 HPs)
             Began as an Octopode Fire Elementalist on Dec 14, 2022.
             Was a Priest of Sif Muna.
             Constricted to death by Jorgrun (20 damage)
             ... on level 1 of the Orcish Mines.
             The game lasted 01:04:36 (15390 turns).

Conn the Arsonist (Octopode Fire Elementalist)     Turns: 15390, Time: 01:04:36

Health: -1/72      AC:  3    Str:  7    XL:     12   Next: 69%
Magic:  1/26       EV: 11    Int: 23    God:    Sif Muna [***...]
Gold:   779        SH:  0    Dex: 12    Spells: 7/31 levels left

rFire   . . .      SeeInvis +    l - +3 scythe (vamp)
rCold   . . .      Faith    .    (shield currently unavailable)
rNeg    . . .      Spirit   .    A - +2 hat
rPois   .          Reflect  .    w - amulet of the acrobat
rElec   .          Harm     .    o - ring of Caufocke {Fly Slay+3 SInv}
rCorr   .          Rampage  .    (no ring)
Will    .....                    (no ring)
Stlth   ++++......               (no ring)
HPRegen 0.32/turn                (no ring)
MPRegen 0.20/turn                (no ring)
                                 (no ring)
                                 (no ring)

@: sluggish, grasped by roots, flying, constricted, very slow
A: almost no armour, amphibious, 8 rings, camouflage 1, gelatinous body 1,
(nimble swimmer 1), tentacles
a: Renounce Religion, Channel Magic, Forget Spell


You were on level 1 of the Orcish Mines.
You worshipped Sif Muna.
Sif Muna was most pleased with you.
You visited 3 branches of the dungeon, and saw 13 of its levels.
You also visited: Bailey.

You collected 1031 gold pieces.
You spent 252 gold pieces at shops.

Inventory:

Hand Weapons
 d - a +0 dagger
 h - a +2 dagger of venom
 j - a +0 short sword
 l - a +3 vampiric scythe (weapon)
Missiles
 a - 2 curare-tipped darts (quivered)
Armour
 s - a +3 buckler
 A - a +2 hat (worn)
Magical Staves
 p - a staff of death
 D - a staff of poison
Jewellery
 o - the ring of Caufocke (left tentacle) {Fly Slay+3 SInv}
   (You found it on level 2 of the Dungeon)

   [ring of flight]

   Slay:      It affects your accuracy & damage with ranged weapons and melee
   (+3).
   SInv:      It lets you see invisible.
   Fly:       It grants you flight.
 w - an amulet of the acrobat (around mantle)
 E - a ring of flight
Wands
 x - a wand of flame (17)
Scrolls
 e - 2 scrolls of immolation
 m - 2 scrolls of magic mapping
 q - a scroll of identify
 y - 3 scrolls of fog
 B - a scroll of teleportation
 F - a scroll of amnesia
Potions
 f - 3 potions of attraction
 n - a potion of haste
 r - 3 potions of flight
 t - 2 potions of mutation
 u - 10 potions of might
 v - 3 potions of brilliance
 C - 2 potions of cancellation


   Skills:
 + Level 2.8 Fighting
 + Level 5.5 Polearms
 + Level 0.2 Throwing
 + Level 3.9 Dodging
 + Level 5.5 Stealth
 + Level 0.1 Unarmed Combat
 + Level 10.0 Spellcasting
 + Level 8.3 Conjurations
 + Level 3.5 Hexes
 + Level 1.2 Translocations
 + Level 11.4 Fire Magic
 * Level 4.7 Ice Magic
 + Level 1.8 Air Magic
 * Level 4.3 Invocations
 + Level 0.7 Evocations


You had 7 spell levels left.
You knew the following spells:

 Your Spells              Type           Power      Damage    Failure   Level
a - Foxfire               Conj/Fire      100%       2x1d9     1%          1
b - Kindle Blastsparks    Fire/Tloc/Air  66%        2d15      2%          3
c - Inner Flame           Hex/Fire       46%        N/A       1%          3
d - Flame Wave            Conj/Fire      54%        2d13      1%          4
e - Scorch                Fire           100%       2d10      1%          2
f - Swiftness             Air            20%        N/A       8%          3
g - Ozocubu's Armour      Ice            33%        N/A       2%          3
h - Metabolic Englaciati  Hex/Ice        15%        N/A       28%         5

Your spell library contained the following spells:

 Spells                   Type           Power      Damage    Failure   Level
 Ensorcelled Hibernation  Hex/Ice        60%        N/A       1%          2
 Passwall                 Tmut/Erth      9%         N/A       9%          2
 Summon Mana Viper        Hex/Summ       19%        N/A       58%         5
 Summon Forest            Summ/Tloc      7%         N/A       77%         5
 Simulacrum               Ice/Necr       11%        N/A       97%         6
 Summon Cactus Giant      Summ           5%         N/A       100%        6


Dungeon Overview and Level Annotations

Branches:
Dungeon (10/15)            Temple (1/1) D:7            Lair (0/5) D:10
    Orc (2/2) D:10            Elf (0/3) Orc:2        Bailey (visited)

Altars:
Ashenzari
Cheibriados
Dithmenos
Elyvilon
Fedhas
Gozag
Hepliaklqana
Kikubaaqudgha
Makhleb
Nemelex Xobeh
Okawaru
Qazlal
Ru
Sif Muna
Trog
Uskayaw
Vehumet
Wu Jian
Xom
Yredelemnul
Zin
The Shining One

Shops:
D:4 ([[   D:9 ?   Orc:2 ([[*

Annotations:
D:9 3 runed translucent doors, Mandevil's ghost, journeyman TrEE
Orc:1 Jorgrun


Innate Abilities, Weirdness & Mutations

You cannot wear most types of armour.
You are amphibious.
You can wear up to eight rings at the same time.
Your skin changes colour to match your surroundings (Stealth+).
Your rubbery body absorbs attacks. (AC +1, EV +1)
((You are camouflaged when in or above water. (Stealth+)))
You have tentacles for arms and can constrict up to eight enemies at once.


Message History

Jorgrun is lightly wounded.
The foxfire hits Jorgrun!
Jorgrun is lightly wounded.
Casting: Inner Flame (safe; 1% risk of failure)
Confirm with . or Enter, or press ? or * to list all spells.
You conjure some foxfire!
Unknown command.
Casting: Foxfire (safe; 1% risk of failure)
Confirm with . or Enter, or press ? or * to list all spells.
Aiming: Inner Flame (safe; 1% risk of failure)
Press: ? - help, Dir - move target, f/p - Jorgrun
Aim: Jorgrun, wielding a +0 vorpal quarterstaff and wearing a +2 robe of willpower (lightly wounded, ally target, chance to affect: 2%) Jorgrun resists with almost no effort.
The foxfire hits Jorgrun but does no damage.
Jorgrun is lightly wounded.
The foxfire hits Jorgrun but does no damage.
Jorgrun is lightly wounded.
Jorgrun points at you and mumbles some strange words.
Roots burst forth from the earth!
The grasping roots grab you! The grasping roots constrict you!
As you read the scroll of teleportation, it crumbles to dust.
You feel strangely unstable.
You start to feel a little slower.
The grasping roots constrict you!
Unknown command.
You feel strangely stable.
Your magical effects are unravelling.
You feel magically purged.
You feel sluggish. The grasping roots constrict you!
* * * LOW HITPOINT WARNING * * *
Okay, then.
Okay, then.
You feel better. Jorgrun casts a spell at you.
You struggle to resist.
The grasping roots constrict you!
* * * LOW HITPOINT WARNING * * *
You feel better. The grasping roots constrict you!!
You die...

....#....##
.h..g$.†..##
..###......##
.#
#.....#..## .
#....###..##
....### #..##
..... #..##
...## #.g##
#.. ##.@#
####


You could see Jorgrun.

Vanquished Creatures
  An orc warlord (Orc:2)
  Josephine (Orc:2)
  2 vault guards (Bailey)
  Erica (D:9)
  2 two-headed ogres
  An orc high priest (Orc:2)
  Nergalle (Orc:1)
  2 orc knights (Orc:2)
  A komodo dragon (D:10)
  3 kobold demonologists (D:10)
  An unseen horror (D:10)
  5 trolls
  Prince Ribbit (Bailey)
  Sigmund (D:2)
  4 fire bats (D:9)
  4 wraiths
  A wyvern (D:9)
  4 yaks (D:10)
  4 humans (Bailey)
  A steam dragon (D:7)
  3 wargs
  An acid dragon (D:10)
  A sky beast (D:7)
  28 orc warriors
  4 ogres
  4 centaurs
  2 phantoms
  Blork the orc (D:6)
  13 bullfrogs
  5 kobold brigands
  6 scorpions
  7 wights
  4 killer bees (D:10)
  2 howler monkeys (D:9)
  4 hounds
  15 orc priests
  A jelly (D:5)
  3 gnoll boudas
  Jessica (D:3)
  2 iguanas
  22 orc wizards
  18 gnolls
  8 adders
  2 white imps
  2 ufetubi
  2 worms
  2 dart slugs
  79 orcs
  7 endoplasms
  2 giant cockroaches
  12 goblins
  3 hobgoblins
  5 jackals
  5 quokkas
  8 ball pythons
  4 bats
  4 frilled lizards
  27 kobolds
  5 rats
365 creatures vanquished.

Vanquished Creatures (collateral kills)
  A kobold (D:10)
1 creature vanquished.

Vanquished Creatures (others)
  An orc wizard (Orc:2)
  1179 foxfires
  7 plants (D:10)
1187 creatures vanquished.

Grand Total: 1553 creatures vanquished

Notes
Turn   | Place    | Note
-------+----------+-------------------------------------------
     0 | D:1      | Conn the Octopode Fire Elementalist began the quest for the
                  | Orb.
     0 | D:1      | Reached XP level 1. HP: 11/11 MP: 3/3
   149 | D:1      | Reached XP level 2. HP: 14/17 MP: 0/5
   537 | D:1      | Reached XP level 3. HP: 21/21 MP: 0/6
  1012 | D:2      | Found a burning altar of Makhleb.
  1159 | D:2      | Reached skill level 4 in Fire Magic
  1204 | D:2      | Noticed Sigmund
  1210 | D:2      | Killed Sigmund
  1211 | D:2      | Reached XP level 4. HP: 27/27 MP: 0/8
  1211 | D:2      | Reached XP level 5. HP: 31/31 MP: 0/9
  1336 | D:2      | Found a faded altar of an unknown god.
  1401 | D:2      | Identified the ring of Caufocke {Fly Slay+3 SInv}
  1869 | D:3      | Reached XP level 6. HP: 36/36 MP: 8/10
  2313 | D:3      | Noticed Jessica
  2315 | D:3      | Killed Jessica
  2316 | D:3      | Reached skill level 1 in Polearms
  3200 | D:4      | Found Bedi's Antique Armour Boutique.
  3203 | D:4      | Found Pocian's Weapon Boutique.
  3387 | D:4      | Reached skill level 5 in Fire Magic
  3531 | D:4      | Found Syaquu's Armour Boutique.
  3542 | D:4      | Bought a +1 hat for 132 gold pieces
  3614 | D:4      | Learned a level 2 spell: Scorch
  3618 | D:4      | Learned a level 3 spell: Kindle Blastsparks
  3622 | D:4      | Learned a level 3 spell: Inner Flame
  3640 | D:5      | Entered Level 5 of the Dungeon
  3661 | D:5      | Reached XP level 7. HP: 42/42 MP: 8/12
  3733 | D:5      | Found a blossoming altar of Fedhas.
  3858 | D:5      | Found a hide-covered altar of Uskayaw.
  3981 | D:5      | HP: 2/42 [poisoned by a scorpion]
  4227 | D:5      | Found a sacrificial altar of Ru.
  4435 | D:6      | Found a shadowy altar of Dithmenos.
  4727 | D:6      | Noticed Blork the orc
  4739 | D:6      | Reached skill level 1 in Fighting
  4739 | D:6      | Reached XP level 8. HP: 35/48 MP: 7/14
  4743 | D:6      | Killed Blork the orc
  4943 | D:6      | Reached skill level 6 in Fire Magic
  5734 | D:7      | Reached skill level 5 in Spellcasting
  5753 | D:7      | Found a flagged portal.
  5765 | Bailey   | Entered a bailey
  5856 | Bailey   | Reached skill level 7 in Fire Magic
  5868 | Bailey   | Reached XP level 9. HP: 24/53 MP: 1/17
  6248 | Bailey   | Noticed a vault guard
  6260 | Bailey   | Reached skill level 8 in Fire Magic
  6278 | Bailey   | Killed a vault guard
  6279 | Bailey   | Reached XP level 10. HP: 42/60 MP: 1/20
  6431 | Bailey   | Noticed Prince Ribbit
  6431 | Bailey   | Noticed a vault guard
  6437 | Bailey   | Killed a vault guard
  6438 | Bailey   | Reached skill level 5 in Conjurations
  6438 | Bailey   | Reached skill level 1 in Hexes
  6438 | Bailey   | Reached skill level 9 in Fire Magic
  6440 | Bailey   | Killed Prince Ribbit
  6796 | D:7      | Found an iron altar of Okawaru.
  6920 | D:7      | Found a staircase to the Ecumenical Temple.
  6970 | Temple   | Entered the Ecumenical Temple
  7905 | D:8      | Reached skill level 1 in Air Magic
  8459 | D:8      | Found an ancient bone altar of Kikubaaqudgha.
  8459 | D:8      | Found a shimmering blue altar of Sif Muna.
  8466 | D:8      | Became a worshipper of Sif Muna the Loreminder
  8595 | D:9      | Noticed a two-headed ogre
  8606 | D:9      | Killed a two-headed ogre
  8607 | D:9      | Reached skill level 5 in Stealth
  8636 | D:9      | Found a runed translucent gate.
  8636 | D:9      | Found a runed translucent gate.
  8636 | D:9      | Noticed a spectral centaur warrior
  8637 | D:9      | Found a runed translucent gate.
  8640 | D:9      | Noticed Mandevil's ghost (journeyman TrEE)
  8649 | D:9      | Noticed Erica
  8663 | D:9      | Killed Erica
  8664 | D:9      | Reached skill level 1 in Translocations
  8664 | D:9      | Reached skill level 10 in Fire Magic
  8664 | D:9      | Reached XP level 11. HP: 27/65 MP: 21/23
  8853 | D:8      | Learned a level 4 spell: Flame Wave
  8857 | D:8      | Learned a level 3 spell: Swiftness
  8861 | D:8      | Learned a level 3 spell: Ozocubu's Armour
  9370 | D:9      | Found Doim's Magic Scroll Shop.
  9382 | D:9      | Reached * piety under Sif Muna
  9383 | D:9      | Reached skill level 1 in Ice Magic
  9450 | D:9      | Bought a scroll of blinking for 120 gold pieces
  9697 | D:9      | Found a basalt altar of Yredelemnul.
  9702 | D:9      | Found a glowing golden altar of the Shining One.
  9704 | D:9      | Noticed an angel
  9977 | D:10     | Entered Level 10 of the Dungeon
 10315 | D:10     | Noticed a sixfirhy
 10532 | D:10     | Reached skill level 5 in Polearms
 10707 | D:10     | Found a snail-covered altar of Cheibriados.
 10709 | D:10     | Found a staircase to the Orcish Mines.
 10844 | D:10     | Reached skill level 1 in Invocations
 10896 | D:10     | Found a staircase to the Lair.
 11128 | D:10     | Noticed a two-headed ogre
 11137 | D:10     | Killed a two-headed ogre
 11265 | Orc:1    | Entered Level 1 of the Orcish Mines
 11272 | Orc:1    | Learned a level 5 spell: Metabolic Englaciation
 11518 | Orc:2    | Entered Level 2 of the Orcish Mines
 11533 | Orc:2    | Noticed an orc knight
 11548 | Orc:2    | Reached ** piety under Sif Muna
 11561 | Orc:2    | Killed an orc knight
 11562 | Orc:2    | Reached skill level 11 in Fire Magic
 11578 | Orc:2    | Noticed Josephine
 11898 | Orc:1    | Reached XP level 12. HP: 23/72 MP: 16/25
 12785 | Orc:2    | Killed Josephine
 13396 | Orc:2    | Reached *** piety under Sif Muna
 13439 | Orc:2    | Noticed an orc high priest
 13912 | Orc:2    | Found Imujischi's Antique Armour Boutique.
 14068 | Orc:2    | Killed an orc high priest
 14133 | Orc:2    | Found Ciug's General Store.
 14225 | Orc:2    | Noticed an orc warlord
 14302 | Orc:2    | Found a staircase to the Elven Halls.
 14442 | Orc:2    | Killed an orc warlord
 14617 | Orc:2    | Found Zofaero's Antique Weapon Boutique.
 14627 | Orc:2    | Found Gatun's Antique Armour Shop.
 14882 | Orc:1    | Noticed Nergalle
 15052 | Orc:1    | Killed Nergalle
 15320 | Orc:1    | Reached skill level 10 in Spellcasting
 15330 | Orc:1    | Noticed Jorgrun
 15390 | Orc:1    | Constricted to death by Jorgrun

Illustrated notes

Levels and vault maps discovered:
D:1:      mushboom_english_gardens, layout_basic
D:2:      layout_loops_cross, dreamdust_ecumenical_altar_angels_and_demons,
          basic_altar, uniq_sigmund
D:3:      layout_loops_corners, st_stairs_9, uniq_jessica
D:4:      layout_rooms, serial_shops, shop,
          nicolae_shop_temple_entry_statues_fountains,
          nicolae_shop_advertising_works [nicolae_subvault_shop_adworks]
D:5:      layout_cave_pools, nicolae_overflow_crystal_walls, fedhas_altar_2,
          nicolae_ru_great_annihilating_truth
D:6:      layout_rooms, grunt_dithmenos_smoke, uniq_blork_the_orc
D:7:      layout_loops_ring, mainiacjoe_overflow_boulevard,
          minmay_temple_entry_grid, serial_glass, glass_columns_a,
          glass_columns_b, lightli_bailey_entry_fortress
D:8:      layout_basic, gammafunk_temple_overflow_pools, minmay_misc_feat_tower
D:9:      layout_basic, grunt_temple_overflow_holy_war, serial_shops, shop,
          gammafunk_ghost_necromancy, dk_vineyard_2, hangedman_incinerator,
          uniq_erica
D:10:     layout_irregular_city, cheibriados_altar_1, david_lair_shrubbed,
          orc_0_dummy, serial_column_ruins, column_ruins_hut_ruined,
          column_ruins_open_small, column_ruins_grid_1, column_ruins_grid_1,
          column_ruins_open_tiny, column_ruins_grid_1,
          column_ruins_columns_corner
Temple:   hellmonk_temple_flake
Orc:1:    layout_diamond_mine, serial_shops, uniq_nergalle, uniq_jorgrun
Orc:2:    grunt_orc_community_town_hall, layout_diamond_mine,
          grunt_orc_community_big_house_2, grunt_orc_community_big_house_1,
          grunt_orc_community_house_3, grunt_orc_community_house_3,
          grunt_orc_community_house_2, grunt_orc_community_house_2,
          nicolae_orc_sculptors_studio, uniq_josephine

Skill      XL: |  1  2  3  4  5  6  7  8  9 10 11 12 |
---------------+-------------------------------------+-----
Fire Magic     | 4 5 7 8 10 11 | 11.4
Stealth        | 3 4 5 |  5.5
Spellcasting   | 3 4 5 7 8 9 10 | 10.0
Conjurations   | 2 3 4 6 7 8 |  8.3
Polearms       | 2 3 4 5 |  5.5
Fighting       | 1 2 |  2.8
Dodging        | 3 |  3.9
Hexes          | 2 3 |  3.5
Air Magic      | 1 |  1.8
Translocations | 1 |  1.2
Ice Magic      | 3 4 |  4.7
Invocations    | 2 4 |  4.3
Throwing       | |  0.2
Unarmed Combat | |  0.1
Evocations     | |  0.7

Action                   |  1- 3 |  4- 6 |  7- 9 | 10-12 || total
-------------------------+-------+-------+-------+-------++-------
Melee: Unarmed           |     7 |       |       |       ||     7
       Constrict         |     6 |     9 |    12 |    16 ||    43
       Tentacles         |     4 |     5 |     9 |    16 ||    34
       Dagger            |    14 |       |       |       ||    14
       Halberd           |       |    32 |    36 |    58 ||   126
Throw: Dart              |       |       |       |     3 ||     3
 Cast: Foxfire           |    49 |    91 |   121 |   425 ||   686
       Scorch            |       |       |    38 |   102 ||   140
       Kindle Blastspark |       |       |     6 |    10 ||    16
       Inner Flame       |       |       |     5 |    51 ||    56
       Flame Wave        |       |       |       |    21 ||    21
       Swiftness         |       |       |       |     7 ||     7
       Ozocubu's Armour  |       |       |       |     2 ||     2
Invok: Channel Magic     |       |       |       |     1 ||     1
Evoke: Wand              |       |       |     6 |     3 ||     9
  Use: Scroll            |       |       |    17 |    22 ||    39
       Potion            |       |       |     6 |    15 ||    21
 Stab: Sleeping          |     3 |     6 |     2 |     3 ||    14
       Paralysed         |       |       |     1 |       ||     1
Armor: Skin              |       |       |     7 |    17 ||    24
Dodge: Dodged            |    18 |    27 |    54 |   146 ||   245

Table legend: (Time is in decaauts)
 A = Elapsed time spent in this place.
 B = Non-inter-level travel time spent in this place.
 C = Inter-level travel time spent in this place.
 D = Time resting spent in this place.
 E = Time spent auto-exploring this place.
 F = Levels seen in this place.
 G = Mean time per level.
                   A        B        C        D        E       F      G
               +--------+--------+--------+--------+--------+-----+--------+
         Total |  15471 |  15274 |    197 |   2578 |   8439 |  14 | 1105.1 |
       Dungeon |  10319 |  10123 |    196 |    520 |   6823 |  10 | 1031.9 |
        Temple |    149 |    149 |      0 |      0 |    127 |   1 |  149.0 |
  Orcish Mines |   4166 |   4166 |      0 |   1547 |   1488 |   2 | 2083.0 |
        Bailey |    836 |    836 |      0 |    511 |      1 |   1 |  836.0 |
               +--------+--------+--------+--------+--------+-----+--------+

Top non-repeatable levels by time:
   Orc:1: 2234 daAuts
   Orc:2: 1931 daAuts
    D:10: 1295 daAuts
     D:9: 1242 daAuts
     D:3: 1147 daAuts
     D:6: 1109 daAuts
     D:8: 1099 daAuts
     D:7: 1022 daAuts
     D:2: 927 daAuts
     D:5: 898 daAuts
     D:1: 895 daAuts
  Bailey: 836 daAuts
     D:4: 681 daAuts
  Temple: 149 daAuts
